 Dungeon Crawl Stone Soup version 0.20-a0-791-gf6451d4 (webtiles) character file.

2226 Amciq the Fighter (level 9, -1/73 HPs)
             Began as a Hill Orc Fighter on Mar 1, 2017.
             Was a Follower of Yredelemnul.
             Incinerated by smazza's ghost (3 damage)
             ... with a sticky flame
             ... on level 7 of the Dungeon.
             The game lasted 00:12:31 (5443 turns).

Amciq the Fighter (Hill Orc Fighter)                Turns: 5443, Time: 00:12:32

Health: -1/73      AC: 17    Str: 24    XL:     9   Next: 36%
Magic:  9/9        EV:  5    Int:  8    God:    Yredelemnul [*.....]
Gold:   307        SH: 11    Dex: 11    Spells: 8/8 levels left

rFire    . . .     SeeInvis .   a - +0 war axe
rCold    . . .     Gourm    .   n - +0 plate armour
rNeg     . . .     Faith    .   c - +0 shield
rPois    +         Spirit   .   (no helmet)
rElec    .         Reflect  .   (no cloak)
rCorr    .         Harm     .   F - +0 pair of gloves
MR       .....                  j - +1 pair of boots
Stlth    ..........             B - amulet of regeneration
Regen    0.7/turn               G - +5 ring of strength
MPRegen  0.2/turn               h - ring of poison resistance

@: liquid flames, glowing
A: frail 1, mutation resistance 1, weak 1
a: Animate Remains, Renounce Religion


You were on level 7 of the Dungeon.
You worshipped Yredelemnul.
Yredelemnul was aware of your devotion.
You were very hungry.

You visited 2 branches of the dungeon, and saw 8 of its levels.
You also visited: Sewer.

You collected 367 gold pieces.
You spent 60 gold pieces at shops.

Inventory:

Hand Weapons
 a - a +0 war axe (weapon)
Armour
 c - a +0 shield (worn)
 j - a +1 pair of boots (worn)
 n - a +0 plate armour (worn)
 F - a +0 pair of gloves (worn)
Jewellery
 h - a ring of poison resistance (left hand)
 A - a +4 amulet of reflection {unknown}
 B - an amulet of regeneration (around neck)
 G - a +5 ring of strength (right hand)
Scrolls
 b - 7 scrolls of teleportation
 k - a scroll of identify
 p - 2 scrolls of blinking {unknown}
 q - 5 scrolls of enchant armour {unknown}
 r - 3 scrolls of recharging {unknown}
 u - a scroll of immolation {unknown}
 v - 2 scrolls of remove curse {unknown}
 y - a scroll of amnesia {unknown}
 E - a scroll of fog {unknown}
 I - a scroll of vulnerability {unknown}
Potions
 d - 2 potions of might
 e - 2 potions of lignification
 g - 4 potions of mutation {unknown}
 i - 5 potions of curing {unknown}
 o - a potion of resistance
 t - 3 potions of heal wounds {unknown}
 w - 3 potions of flight {unknown}
 H - a potion of berserk rage {unknown}
Books
 D - a book of Power

   Spells                             Type                      Level
   a - Iskenderun's Battlesphere      Conjuration/Charms           5
   b - Venom Bolt                     Conjuration/Poison           5
   c - Bolt of Magma                  Conjuration/Fire/Earth       5
   d - Iron Shot                      Conjuration/Earth            6
   e - Orb of Destruction             Conjuration                  7
   f - Spellforged Servitor           Conjuration/Summoning        7
Comestibles
 f - 5 bread rations
 l - 2 royal jellies
 m - 7 meat rations
 x - 5 fruits


   Skills:
 + Level 8.4 Fighting
 + Level 8.2 Axes
 + Level 7.5 Armour
 + Level 7.1 Shields


You had 8 spell levels left.
You didn't know any spells.

Dungeon Overview and Level Annotations

Branches:
Dungeon (7/15)             Temple (1/1) D:5

Altars:
Ashenzari
Cheibriados
Elyvilon
Gozag
Hepliaklqana
Kikubaaqudgha
Nemelex Xobeh
Okawaru
Qazlal
Sif Muna
Yredelemnul
Zin

Shops:
D:4 *

Annotations:
D:7 smazza's ghost, novice TeFE


Innate Abilities, Weirdness & Mutations

You are frail. (-10% HP)
You are somewhat resistant to further mutation.
You are weak. (Str -2)


Message History

You block the hippogriff's attack. The hippogriff claws you.
* * * LOW HITPOINT WARNING * * *
You hit the hippogriff but do no damage.
The hippogriff is severely wounded.
You miss smazza's ghost.
You are covered in liquid flames!
* * * LOW HITPOINT WARNING * * *
The hippogriff bites you but does no damage.
The hippogriff pecks you but does no damage.
The hippogriff barely misses you.
Smazza's ghost sprays you with burning goo.
The sticky flame hits you!
You are covered in liquid flames!
* * * LOW HITPOINT WARNING * * *
You closely miss the hippogriff.
The hippogriff is severely wounded.
You slash smazza's ghost!
You are covered in liquid flames!
You die...
Your body rises from the dead as a mindless zombie.

##.......... ###..........#
........>......#
.....$.........#
...#..........#. #).............
#. #.#........... ##>##.
#.....@....## .....#
##...WH.....# #.... #..........#
##..# .### ####..........#
#####.... .....
##.............##.........
......#.........................
....................#...........
....................#.......(...
....................#...........


You could see a hippogriff and smazza's ghost.

Vanquished Creatures
  A troll (D:6)
  Eustachio (D:5)
  2 ice beasts
  A phantom (D:5)
  2 sky beasts (D:6)
  2 centaurs (D:6)
  4 big kobolds
  2 bullfrogs (D:6)
  A howler monkey (D:5)
  A centaur zombie (D:4)
  2 crimson imps (D:5)
  A jelly (D:5)
  A bullfrog skeleton (D:4)
  Jessica (D:3)
  4 iguanas
  2 centaur skeletons
  7 worker ants
  A hound skeleton (D:4)
  A worker ant zombie (D:6)
  4 gnolls (D:3)
  3 adders
  A river rat (D:4)
  A shadow imp (D:6)
  An ooze (D:3)
  An adder zombie (D:5)
  4 worms
  A dart slug (D:1)
  4 leopard geckos
  4 orcs
  7 giant cockroaches
  35 goblins
  36 hobgoblins
  6 jackals
  6 quokkas
  4 ball pythons
  3 bats
  3 frilled lizards
  15 kobolds
  A leopard gecko skeleton (D:4)
  9 rats
186 creatures vanquished.

Notes
Turn   | Place    | Note
-------+----------+-------------------------------------------
     0 | D:1      | Amciq the Hill Orc Fighter began the quest for the Orb.
     0 | D:1      | Reached XP level 1. HP: 19/19 MP: 1/1
   197 | D:1      | Reached XP level 2. HP: 27/27 MP: 2/2
  1105 | D:2      | Reached XP level 3. HP: 32/33 MP: 3/3
  1697 | D:3      | Found a snail-covered altar of Cheibriados.
  1697 | D:3      | Found a deep blue altar of Sif Muna.
  1732 | D:3      | Reached XP level 4. HP: 38/40 MP: 4/4
  1763 | D:3      | Found a sparkling altar of Nemelex Xobeh.
  1765 | D:3      | Found a white marble altar of Elyvilon.
  1765 | D:3      | Found an opulent altar of Gozag.
  1840 | D:3      | Found an ancient bone altar of Kikubaaqudgha.
  1840 | D:3      | Found a shattered altar of Ashenzari.
  1857 | D:3      | Noticed Jessica
  1879 | D:3      | Killed Jessica
  2154 | D:3      | Reached XP level 5. HP: 44/47 MP: 5/5
  2446 | D:3      | Noticed a big kobold
  2446 | D:3      | Noticed a big kobold
  2448 | D:3      | Noticed a big kobold
  2454 | D:3      | Killed a big kobold
  2454 | D:3      | Reached skill level 5 in Fighting
  2454 | D:3      | Reached XP level 6. HP: 54/56 MP: 6/6
  2458 | D:3      | Reached skill level 5 in Axes
  2485 | D:3      | Reached skill level 5 in Shields
  2512 | D:3      | Reached XP level 7. HP: 46/61 MP: 7/7
  2587 | D:3      | Reached skill level 5 in Armour
  2630 | D:3      | Found a stormy altar of Qazlal.
  2794 | D:4      | Found a snail-covered altar of Cheibriados.
  2986 | D:4      | Found a glowing silver altar of Zin.
  3047 | D:4      | Found a glowing drain.
  3084 | Sewer    | Entered a sewer
  3175 | Sewer    | Found a white marble altar of Elyvilon.
  3317 | D:4      | Found Waxkiycyg's Assorted Antiques.
  3625 | D:4      | Bought a scroll labeled TERA SAHOINGE for 30 gold pieces
  3625 | D:4      | Bought a scroll labeled YRGHAU XEXZYQYOSE for 30 gold pieces
  3646 | D:5      | Entered Level 5 of the Dungeon
  3725 | D:5      | Reached XP level 8. HP: 68/71 MP: 8/8
  3825 | D:5      | Found a glowing silver altar of Zin.
  4140 | D:5      | Found a staircase to the Ecumenical Temple.
  4144 | Temple   | Entered the Ecumenical Temple
  4154 | Temple   | Became a worshipper of Yredelemnul the Dark
  4236 | D:5      | Noticed Eustachio
  4289 | D:5      | Killed Eustachio
  4833 | D:6      | Reached XP level 9. HP: 77/81 MP: 9/9
  4890 | D:6      | Gained mutation: You are frail. (-10% HP) [mutagenic meat]
  4891 | D:6      | Gained mutation: You are weak. (Str -2) [mutagenic meat]
  4892 | D:6      | Gained mutation: You are somewhat resistant to further mutation. [mutagenic meat]
  5119 | D:6      | Reached * piety under Yredelemnul
  5235 | D:6      | Noticed a troll
  5241 | D:6      | Killed a troll
  5422 | D:7      | Noticed smazza's ghost (novice TeFE)
  5442 | D:7      | HP: 2/73 [smazza's ghost/sticky flame (3)]
  5443 | D:7      | Incinerated by smazza's ghost

Vault maps used:
D:1:      matt_arrival_los_fun, serial_forest, infiniplex_forest_end_3,
          infiniplex_forest_end_1, infiniplex_forest_end_double,
          infiniplex_forest_lined_4_way, infiniplex_forest_lined_ring,
          minivault_27
D:3:      minmay_goblin_kobold_castle, grunt_temple_overflow_open, uniq_jessica
D:4:      lemuel_coloured_pillars_altar, serial_shops, kennysheep_mini_moat,
          portal_sewer_entry_a, first_bread, minmay_stone_trees_medium,
          cheibriados_altar_1
D:5:      minmay_temple_entry_trees, basic_altar, roderic_roman_lattice,
          uniq_eustachio
D:6:      kennysheep_nondescript, mrwooster_statue_mirror
D:7:      nicolae_ru_the_path_less_chosen, uniq_crazy_yiuf_cottage
Temple:   compressed_dpeg_triangle_lava_temple
Sewer:    sewer_kobolds

Skill      XL: |  1  2  3  4  5  6  7  8  9 |
---------------+----------------------------+-----
Axes           | 3 4 5 6 7 8 |  8.2
Fighting       | 4 5 6 7 8 |  8.4
Shields        | 4 5 6 7 |  7.1
Armour         | 4 5 7 |  7.5

Action                   |  1- 3 |  4- 6 |  7- 9 || total
-------------------------+-------+-------+-------++-------
Melee: War axe           |   121 |   219 |   425 ||   765
  Use: Scroll            |     1 |       |     2 ||     3
       Potion            |       |       |     3 ||     3
  Eat: Chunk             |     2 |     4 |    13 ||    19
Armor: Scale mail        |    29 |       |       ||    29
       Plate armour      |    37 |   164 |   279 ||   480
Dodge: Dodged            |    24 |    50 |    83 ||   157
Block: Shield            |    74 |   161 |   254 ||   489
